 Dungeon Crawl Stone Soup version 0.18.1-48-g4cf74bf (webtiles) character file.

1073 inmateoo the Ruffian (level 8, -2/76 HPs)
             Began as a Troll Arcane Marksman on July 13, 2016.
             Was an Initiate of Okawaru.
             Slain by an orc warrior
             ... wielding a +1 halberd of venom
              (20 damage)
             ... on level 7 of the Dungeon.
             The game lasted 00:08:17 (4671 turns).

inmateoo the Ruffian (Troll Arcane Marksman)        Turns: 4671, Time: 00:08:18

Health: -2/76      AC:  6    Str: 22    XL:     8   Next: 7%
Magic:  0/8        EV:  9    Int:  9    God:    Okawaru [......]
Gold:   256        SH:  0    Dex:  4    Spells: 1 memorised, 8 levels left

rFire  + . .     SeeInvis .       - Unarmed
rCold  . . .     Gourm    +     a - +1 robe
rNeg   . . .     Faith    .     (no shield)
rPois  .         Spirit   +     (helmet restricted)
rElec  .         Dismiss  .     (no cloak)
rCorr  .         Reflect  .     (gloves unavailable)
SustAt .         Harm     .     (boots unavailable)
MR     .....                    m - amulet of guardian spirit
Stlth  +.........               w - ring of protection from fire
                                e - -5 ring of dexterity (curse)

@: lethally poisoned (-2 -> -11), very slightly contaminated, hasted, very
quick, not resistant to hostile enchantments, very unstealthy
A: unfitting armour, claws 3, fast metabolism 3, gourmand, regeneration 2,
shaggy fur 1, tough skin 2
a: Renounce Religion


You were on level 7 of the Dungeon.
You worshipped Okawaru.
Okawaru was noncommittal.
You were completely stuffed.

You visited 2 branches of the dungeon, and saw 8 of its levels.
You also visited: Sewer.

You collected 256 gold pieces.

Inventory:

Missiles
 c - 4 large rocks (quivered)
 d - 2 throwing nets
Armour
 a - a +1 robe (worn)
Jewellery
 e - a cursed -5 ring of dexterity (left claw)
 m - an amulet of guardian spirit (around neck)
 w - a ring of protection from fire (right claw)
Wands
 l - a wand of iceblast (15/15)
 A - a wand of disintegration (12/24)
Scrolls
 g - 4 scrolls of teleportation
 j - a scroll of magic mapping
 q - a scroll of enchant weapon
 v - a scroll of fear
 y - a scroll of amnesia
Potions
 k - 8 potions of curing
 o - a potion of haste
 p - 4 potions of heal wounds {unknown}
 r - a potion of cure mutation {unknown}
 s - a potion of resistance {unknown}
 t - a potion of mutation {unknown}
 u - 3 potions of flight {unknown}
 z - a potion of agility {unknown}
Books
 b - a book of Debilitation

   Spells                             Type                      Level
   a - Corona                         Hexes                        1
   b - Slow                           Hexes                        2
   c - Gell's Gravitas                Hexes/Translocation          3
   d - Inner Flame                    Hexes/Fire                   3
   e - Cause Fear                     Hexes                        4
   f - Leda's Liquefaction            Hexes/Earth                  4
Comestibles
 f - 6 bread rations
 h - a meat ration
 i - 3 fruits
 n - a slice of pizza
 x - 3 chunks of flesh


   Skills:
 + Level 3.6 Fighting
 + Level 4.2 Throwing
 + Level 3.6 Dodging
 * Level 5.7 Unarmed Combat
 - Level 1.0 Spellcasting
 - Level 2.0 Hexes


You had 8 spell levels left.
You knew the following spells:

 Your Spells              Type           Power        Failure   Level  Hunger
a - Corona                Hex            #......      17%         1    ##.....


Dungeon Overview and Level Annotations

Branches:
Dungeon (7/15)             Temple (1/1) D:4

Altars:
Ashenzari
Cheibriados
Dithmenos
Fedhas
Kikubaaqudgha
Makhleb
Nemelex Xobeh
Okawaru
Pakellas
Qazlal
Ru
Sif Muna
Trog
Vehumet
Xom
Yredelemnul
Zin
The Shining One

Shops:
D:4 }

Annotations:
D:6 TBriggs11TB's ghost, novice MiFi


Innate Abilities, Weirdness & Mutations

You are too large for most types of armour.
You have claws for hands.
Your metabolism is lightning-fast.
You like to eat raw meat.
You heal very quickly.
You are covered in fur (AC +1).
You have very tough skin (AC +2).


Message History

You closely miss the orc warrior.
The orc warrior is heavily wounded.
You feel sick.
Unknown command.
You barely miss the orc warrior.
The orc warrior is heavily wounded.
You feel sick.
The orc warrior hits you with a halberd of venom!
* * * LOW HITPOINT WARNING * * *
You are more poisoned.
Unknown command.
You barely miss the orc warrior.
The orc warrior is heavily wounded.
You feel sick.
Unknown command.
You barely miss the orc warrior.
The orc warrior is heavily wounded.
You feel sick.
The orc warrior hits you with a halberd of venom!!
You die...

..... #.
#.#.# #.
#.#.#
#.##.#.#
#......#
###.....#
#.......#
#..<..#
##.@).#
##o#.#
#.#.# #..
. ... ##
#.## #.#
#.#


You could see an orc warrior.

Vanquished Creatures
  A phantom (D:6)
  An ogre (D:4)
  3 big kobolds (Sewer)
  A howler monkey (D:5)
  2 orc priests
  A hound (D:4)
  A giant frog skeleton (D:6)
  Ijyb (D:3)
  Terence (D:3)
  5 worker ants
  4 orc wizards
  12 adders
  2 river rats (Sewer)
  A shadow imp (D:5)
  An ooze (D:1)
  An adder skeleton (D:5)
  4 worms
  2 dart slugs
  A giant gecko (D:1)
  14 orcs
  6 bats
  7 giant cockroaches
  2 goblins
  9 hobgoblins
  10 jackals
  A quokka (D:7)
  2 ball pythons (Sewer)
  7 giant newts
  11 kobolds
  A quokka skeleton (D:4)
  11 rats
126 creatures vanquished.

Notes
Turn   | Place    | Note
--------------------------------------------------------------
     0 | D:1      | inmateoo the Troll Arcane Marksman began the quest for the Orb.
     0 | D:1      | Reached XP level 1. HP: 18/18 MP: 1/1
   175 | D:1      | Reached skill level 1 in Fighting
   245 | D:1      | Reached XP level 2. HP: 27/27 MP: 2/2
   483 | D:1      | Reached skill level 1 in Unarmed Combat
  1047 | D:2      | Reached XP level 3. HP: 33/33 MP: 3/3
  1354 | D:2      | Found a deep blue altar of Sif Muna.
  1365 | D:2      | Found a snail-covered altar of Cheibriados.
  1527 | D:2      | Reached skill level 2 in Unarmed Combat
  1527 | D:2      | Reached XP level 4. HP: 13/42 MP: 1/4
  1796 | D:3      | Noticed Ijyb
  1806 | D:3      | Killed Ijyb
  1938 | D:3      | Reached XP level 5. HP: 49/49 MP: 3/5
  2125 | D:3      | Found a glowing drain.
  2129 | Sewer    | Entered a sewer
  2234 | Sewer    | Reached skill level 3 in Unarmed Combat
  2253 | Sewer    | Reached XP level 6. HP: 53/59 MP: 4/6
  2514 | Sewer    | Reached skill level 4 in Unarmed Combat
  2590 | D:3      | Noticed Terence
  2598 | D:3      | Killed Terence
  2629 | D:3      | Found a burning altar of Makhleb.
  2631 | D:3      | Noticed a green death
  2849 | D:4      | Found Aniovvy's Gadget Emporium.
  2948 | D:4      | Reached XP level 7. HP: 67/67 MP: 7/7
  3077 | D:4      | Found a staircase to the Ecumenical Temple.
  3153 | D:4      | Found a glowing golden altar of the Shining One.
  3154 | D:4      | Found an oddly glowing altar of Pakellas.
  3262 | Temple   | Entered the Ecumenical Temple
  3687 | D:5      | Entered Level 5 of the Dungeon
  3748 | D:5      | Found an iron altar of Okawaru.
  3769 | D:5      | Became a worshipper of Warmaster Okawaru
  4176 | D:6      | Reached skill level 5 in Unarmed Combat
  4353 | D:6      | Noticed TBriggs11TB's ghost (novice MiFi)
  4549 | D:6      | Reached XP level 8. HP: 72/76 MP: 8/8
  4671 | D:7      | Slain by an orc warrior

Skill      XL: |  1  2  3  4  5  6  7 |
---------------+----------------------+-----
Fighting       | 1 2 3 |  3.6
Throwing       | 2 3 4 |  4.2
Unarmed Combat | 1 2 3 4 5 |  5.7
Dodging        | 2 3 |  3.6
Spellcasting   | |  1.0
Hexes          | |  2.0

Action                   |  1- 3 |  4- 6 |  7- 9 || total
-------------------------+-------+-------+-------++-------
Melee: Unarmed           |   160 |   195 |   164 ||   519
       Punch             |       |     2 |       ||     2
  Use: Scroll            |     6 |     1 |     4 ||    11
       Potion            |       |     1 |     1 ||     2
  Eat: Chunk             |    15 |    19 |    16 ||    50
Armor: Robe              |    84 |    54 |    49 ||   187
Dodge: Dodged            |    90 |    66 |    49 ||   205
